 Dungeon Crawl Stone Soup version 0.22-a0-389-g8519d86 (webtiles) character file.

697 Kairos the Shield-Bearer (level 7, 0/37 HPs)
             Began as a Vine Stalker Fighter on Apr 30, 2018.
             Slain by an ogre
             ... wielding a +0 giant club
              (10 damage)
             ... on level 4 of the Dungeon.
             The game lasted 00:06:37 (3363 turns).

Kairos the Shield-Bearer (Vine Stalker Fighter)     Turns: 3363, Time: 00:06:37

Health: 0/37       AC:  9    Str: 19      XL:     7   Next: 65%
Magic:  0/8        EV:  4    Int:  8      God:
Gold:   154        SH:  8    Dex: 14 (15) Spells: 6/6 levels left

rFire    . . .     SeeInvis .   r - +0 whip (vamp)
rCold    . . .     Gourm    .   c - +0 shield
rNeg     . . .     Faith    .   n - +0 chain mail
rPois    .         Spirit   +   q - +0 helmet
rElec    .         Reflect  .   (no cloak)
rCorr    .         Harm     .   (no gloves)
MR       .....                  (no boots)
Stlth    ..........             (no amulet)
HPRegen  0.52/turn              (no ring)
MPRegen  0.11/turn              (no ring)

@: heavily drained
A: fangs 2, regeneration 1, magic shield, antimagic bite, no potion heal 3, rot
immunity
a: no special abilities


You were on level 4 of the Dungeon.
You were not hungry.

You visited 2 branches of the dungeon, and saw 5 of its levels.

You collected 154 gold pieces.

Inventory:

Hand Weapons
 a - a +0 war axe
 r - a +0 vampiric whip (weapon)
Missiles
 p - 2 javelins (quivered)
Armour
 b - a +0 scale mail
 c - a +0 shield (worn)
 n - a +0 chain mail (worn)
 q - a +0 helmet (worn)
Scrolls
 e - a scroll of teleportation
 g - a scroll of fear
 h - a scroll of noise {unknown}
 i - a scroll of remove curse
 k - a scroll of enchant weapon {unknown}
 l - a scroll of amnesia
 m - a scroll of enchant armour {unknown}
Potions
 d - a potion of might
 j - 2 potions of lignification
 o - 2 potions of ambrosia
 s - a potion of invisibility {unknown}
Comestibles
 f - 4 rations


   Skills:
 + Level 3.8(1.3) Fighting
 + Level 4.2(1.9) Axes
 + Level 1.9(0.9) Maces & Flails
 + Level 3.7(1.2) Armour
 + Level 1.1(0.0) Dodging
 + Level 4.6(2.1) Shields


You had 6 spell levels left.
You didn't know any spells.

Dungeon Overview and Level Annotations

Branches:
Dungeon (4/15)             Temple (1/1) D:4

Altars:
Ashenzari
Dithmenos
Elyvilon
Gozag
Hepliaklqana
Kikubaaqudgha
Nemelex Xobeh
Qazlal
Ru
Sif Muna
Trog
Vehumet
Xom
Yredelemnul
The Shining One

Annotations:
D:4 Edmund


Innate Abilities, Weirdness & Mutations

You have extremely sharp teeth.
Your natural rate of healing is unusually fast.
When hurt, damage is shared between your health and your magic reserves.
Your bite disrupts and absorbs the magic of your enemies.
Potions cannot restore your health.
You are immune to rotting.


Message History

You hit the ogre.
You feel better.
You bite the ogre. You drain its power.
You feel invigorated.
The ogre is heavily wounded.
The ogre hits you with a giant club!
* * * LOW HITPOINT WARNING * * *
You barely miss the ogre. You bite the ogre, but do no damage.
The ogre is heavily wounded.
The ogre hits you with a giant club.
* * * LOW HITPOINT WARNING * * *
You hit the ogre.
You feel better.
The ogre is severely wounded.
You block the ogre's attack.
You closely miss the ogre.
The ogre is severely wounded.
You block the ogre's attack.
You completely miss the ogre. You bite the ogre. You drain its power.
You feel invigorated.
The ogre is severely wounded.
The ogre hits you with a giant club!
You die...

#. ####. ### #....
##.## #....
######.#.######....
#...#.....##.......
#####.............#....
#...............#......
#.####@##.....#...#....
#O##.....##.#####.
#.####.####....... #.#
#.####....... #.#
#.#.......... #.#
#.#.......... #.#
#.#...#...... #.#
#.##.##..[...
#....##......


You could see an ogre.

Vanquished Creatures
  Eustachio (D:4)
  A centaur (D:4)
  A centaur skeleton (D:4)
  3 orc priests
  3 orc wizards
  Jessica (D:2)
  2 worker ants (D:4)
  A hound skeleton (D:4)
  6 adders
  An ooze (D:4)
  3 worms
  4 dart slugs
  3 leopard geckos
  20 orcs
  7 bats
  4 giant cockroaches
  7 goblins
  7 hobgoblins
  4 jackals (D:1)
  2 quokkas
  6 frilled lizards
  14 kobolds
  2 rats
103 creatures vanquished.

Notes
Turn   | Place    | Note
-------+----------+-------------------------------------------
     0 | D:1      | Kairos the Vine Stalker Fighter began the quest for the Orb.
     0 | D:1      | Reached XP level 1. HP: 11/11 MP: 2/2
    89 | D:1      | Reached XP level 2. HP: 16/16 MP: 3/3
   191 | D:1      | Reached XP level 3. HP: 13/20 MP: 2/4
   640 | D:2      | Noticed Jessica
   646 | D:2      | Killed Jessica
   646 | D:2      | Gained mutation: Your natural rate of healing is unusually fast. [Vine Stalker growth]
   646 | D:2      | Reached XP level 4. HP: 16/24 MP: 2/5
  1095 | D:2      | Reached XP level 5. HP: 28/28 MP: 6/6
  1706 | D:3      | Found a sparkling altar of Nemelex Xobeh.
  1707 | D:3      | Found an opulent altar of Gozag.
  1743 | D:3      | Found a faded altar of an unknown god.
  1768 | D:3      | Reached XP level 6. HP: 32/32 MP: 7/7
  1944 | D:4      | Noticed Edmund
  2399 | D:4      | Reached XP level 7. HP: 19/36 MP: 4/8
  2489 | D:4      | Reached skill level 1 in Maces & Flails
  2499 | D:4      | Noticed Eustachio
  2550 | D:4      | Found a staircase to the Ecumenical Temple.
  2598 | Temple   | Entered the Ecumenical Temple
  2876 | D:4      | HP: 1/36 [iron imp[Eustachio] (3)]
  2931 | D:4      | Killed Eustachio
  2931 | D:4      | Reached skill level 1 in Dodging
  3363 | D:4      | Slain by an ogre

Vault maps used:
D:1:      evilmike_arrival_home_sweet_home
D:2:      minmay_misc_feat_plants, minmay_octomino_j4, uniq_jessica
D:3:      grunt_temple_overflow_opulence, chequers_ecumenical_altar_island
D:4:      nicolae_overflow_hidden_temple, minmay_temple_entry_overgrown,
          minivault_14, uniq_eustachio, uniq_edmund
Temple:   nicolae_temple_god_jail

Skill      XL: |  1  2  3  4  5  6  7 |
---------------+----------------------+-----
Axes           | 2 3 4 |  4.2
Fighting       | 3 |  3.8
Shields        | 3 4 |  4.6
Armour         | 3 |  3.7
Maces & Flails | 1 |  1.9
Dodging        | 1 |  1.1

Action                   |  1- 3 |  4- 6 |  7- 9 || total
-------------------------+-------+-------+-------++-------
Melee: War axe           |    67 |   138 |       ||   205
       Bite              |    10 |    76 |    75 ||   161
       Whip              |       |   118 |   270 ||   388
  Use: Scroll            |       |     6 |       ||     6
       Potion            |       |       |     1 ||     1
  Eat: Chunk             |       |     3 |       ||     3
       Ration            |       |     2 |     2 ||     4
Armor: Scale mail        |    25 |    29 |       ||    54
       Chain mail        |       |   109 |   163 ||   272
       Skin              |       |       |    22 ||    22
Dodge: Dodged            |    26 |    55 |    53 ||   134
Block: Shield            |    38 |   143 |   141 ||   322

Table legend:
 A = Spawn XP
 B = Non-spawn XP
 C = Spawn XP percentage of total XP
 D = Spawn monster count
 E = Non-spawn monster count
 F = Spawn count percentage of total count
 G = Total turns spent on level
                    A         B        C        D         E        F      G
               +---------+---------+-------+---------+---------+-------+---------
         Total |       0 |     996 |   0.0 |       0 |     103 |   0.0 |  3363
               +---------+---------+-------+---------+---------+-------+---------
           D:1 |       0 |      58 |   0.0 |       0 |      31 |   0.0 |   630
           D:2 |       0 |     122 |   0.0 |       0 |      25 |   0.0 |   785
           D:3 |       0 |     156 |   0.0 |       0 |      23 |   0.0 |   803
           D:4 |       0 |     660 |   0.0 |       0 |      24 |   0.0 |  1067
               +---------+---------+-------+---------+---------+-------+---------
